 Dungeon Crawl Stone Soup version 0.30-a0-57-g8b159a9891 (webtiles) character file.

Game seed: 9833308803771647509

4935 BlueGoblin the Reanimator (level 10, -12/77 HPs)
             Began as a Demonspawn Necromancer on Sept 12, 2022.
             Was a Priest of Dithmenos.
             Killed from afar by Erica (31 damage)
             ... with a bolt of poison
             ... on level 8 of the Dungeon.
             The game lasted 00:27:17 (9267 turns).

BlueGoblin the Reanimator (Demonspawn Necromancer)  Turns: 9267, Time: 00:27:18

Health: -12/77     AC:  7    Str:  8    XL:     10   Next: 27%
Magic:  9/13       EV: 20    Int: 19    God:    Dithmenos [***...]
Gold:   514        SH:  0    Dex: 16    Spells: 3/13 levels left

rFire   . . .      SeeInvis +    o - +6 dagger
rCold   + . .      Faith    .    (no shield)
rNeg    . . .      Spirit   .    w - +1 leather armour {rC+}
rPois   .          Reflect  .    (helmet unavailable)
rElec   .          Harm     .    C - +0 cloak
rCorr   .          Rampage  .    (no gloves)
Will    .....                    (no boots)
Stlth   ++........               (no amulet)
HPRegen 0.22/turn                x - +4 ring of evasion
MPRegen 0.26/turn                r - +4 ring of slaying

@: lethally poisoned (-12 -> -30), wreathed by umbra
A: antennae 3, molten scales 1, spiny 1, magic regeneration
a: Renounce Religion, Shadow Step


You were on level 8 of the Dungeon.
You worshipped Dithmenos.
Dithmenos was most pleased with you.
You visited 2 branches of the dungeon, and saw 9 of its levels.
You also visited: Sewer.

You collected 514 gold pieces.

Inventory:

Hand Weapons
 e - a +2 dagger of venom
 l - a +0 sling
 o - a +6 dagger (weapon)
 y - a +3 quarterstaff of chaos
 F - a +4 scimitar
Armour
 a - a +0 robe
 w - a +1 leather armour of cold resistance (worn)
 C - a +0 cloak (worn)
Jewellery
 n - an amulet of faith
 q - a +6 ring of strength
 r - a +4 ring of slaying (right hand)
 x - a +4 ring of evasion (left hand)
Wands
 m - a wand of paralysis (1)
 z - a wand of roots (5)
 D - a wand of flame (23)
 I - a wand of quicksilver (2)
Scrolls
 k - 5 scrolls of fear
 p - a scroll of fog
 s - 3 scrolls of teleportation
 E - a scroll of silence
 H - a scroll of torment {unknown}
Potions
 b - 2 potions of magic
 c - 5 potions of brilliance
 d - a potion of ambrosia {unknown}
 f - 2 potions of attraction
 g - a potion of might {unknown}
 h - 2 potions of curing
 i - a potion of mutation {unknown}
 j - 2 potions of cancellation
 t - 2 potions of haste
 u - 2 potions of lignification {unknown}
 v - a potion of invisibility {unknown}
 A - a potion of heal wounds {unknown}
 B - a potion of flight {unknown}
 G - a potion of berserk rage {unknown}


   Skills:
 + Level 6.8 Fighting
 + Level 9.1 Dodging
 - Level 1.7 Stealth
 - Level 2.0 Spellcasting
 - Level 11.3 Necromancy


You had 3 spell levels left.
You knew the following spells:

 Your Spells              Type           Power      Damage    Failure   Level
a - Animate Dead          Necr           44%        N/A       2%          4
b - Vampiric Draining     Necr           44%        2d9       1%          3
c - Swiftness             Air            1%         N/A       58%         3

Your spell library contained the following spells:

 Spells                   Type           Power      Damage    Failure   Level
 Necrotise                Necr           100%       1d9       1%          1
 Shock                    Conj/Air       4%         1d3       24%         1
 Sting                    Tmut/Pois      4%         1d3       24%         1
 Poisonous Vapours        Pois/Air       2%         N/A       36%         2
 Ozocubu's Armour         Ice            1%         N/A       58%         3
 Agony                    Necr           44%        N/A       7%          5
 Airstrike                Air            0%         2d(1-17)  94%         4
 Olgreb's Toxic Radiance  Pois           1%         N/A       94%         4
 Simulacrum               Ice/Necr       11%        N/A       98%         6
 Fireball                 Conj/Fire      0%         3d3       100%        5
 Iskenderun's Battlesphe  Conj           1%         2d6       100%        5
 Metabolic Englaciation   Hex/Ice        0%         N/A       100%        5
 Conjure Ball Lightning   Conj/Air       0%         3x3d6     100%        6
 Orb of Destruction       Conj           0%         9d5       100%        7


Dungeon Overview and Level Annotations

Branches:
Dungeon (8/15)             Temple (1/1) D:5           Sewer (visited)
   Lair: D:8-11

Altars:
Ashenzari
Cheibriados
Dithmenos
Gozag
Hepliaklqana
Kikubaaqudgha
Makhleb
Nemelex Xobeh
Okawaru
Qazlal
Ru
Sif Muna
Uskayaw
Vehumet
Wu Jian
Yredelemnul

Annotations:
D:4 3 runed translucent doors, Yosebu's ghost, novice GrFi
D:5 2 runed translucent doors
D:8 Erica


Innate Abilities, Weirdness & Mutations

You have a pair of large antennae on your head. (SInv)
You are partially covered in molten scales. (AC +2)
You are partially covered in sharp spines.
You regenerate magic rapidly.


Message History

Your wolf zombie bites the howler monkey!
The water moccasin completely misses you.
The howler monkey hits your wolf zombie.
Your wolf zombie bites the howler monkey!
The howler monkey dies!
Dithmenos accepts your kill.
Your wolf zombie bites Erica.
Erica gestures at you while chanting. The bolt of poison hits you!
You are more poisoned.
The bolt of poison hits your jelly zombie.
Your jelly zombie completely resists.
You feel very sick.
Grum hits the water moccasin!
The water moccasin completely misses you.
Your wolf zombie closely misses Erica.
Erica hits you with a +1 scimitar of flaming!
* * * LOW HITPOINT WARNING * * *
Erica burns you!
* * * LOW HITPOINT WARNING * * *
Unknown command.
Unknown command.
You feel better.
Your wolf zombie closely misses Erica.
The water moccasin misses you.
Grum closely misses the water moccasin.
The water moccasin is struck by your spines.
The water moccasin bites you.
* * * LOW HITPOINT WARNING * * *
You are lethally poisoned!
The water moccasin poisons you! Erica is struck by your spines.
Erica hits you but does no damage.
Your wolf zombie bites the water moccasin!
The water moccasin dies!
Dithmenos accepts your kill.
Unknown command.
Unknown command.
You feel better. Erica gestures at you while chanting.
The bolt of poison hits you!!
You are poisoned.
You die...

#.......###.##...
#.......#...#....
#.........#.#....
#........##ZZZ...
#..Z).....#ZZ##..
#..............##
#########.######.......
#...†ZZZ..# #........
#.<...@ZZ.# #..#.#...#
#....@ZZ..# #.#..#...#
#.........# #. .##...#
#........... .. . ....
#.........#### .# #.#
###########


You could see Erica (invisible), 4 friendly wolf zombies, a friendly jelly
zombie, a friendly sky beast zombie and the friendly Grum the gnoll zombie.

Vanquished Creatures
  A two-headed ogre (D:8)
  4 yaks (D:7)
  A steam dragon (D:6)
  Eustachio (D:5)
  Edmund (D:5)
  A water moccasin (Sewer)
  A black bear (D:5)
  2 sky beasts
  4 wolves (D:8)
  A centaur (D:7)
  4 kobold brigands (D:6)
  A phantom (D:4)
  2 bullfrogs
  2 necrophages
  A scorpion (D:5)
  11 wights
  2 howler monkeys (D:7)
  A bullfrog zombie (D:4)
  2 hounds
  2 jellies
  Crazy Yiuf (D:6)
  An orc priest (D:6)
  3 iguanas
  2 orc wizards
  13 gnolls
  6 adders
  A shadow imp (D:7)
  2 white imps
  An ufetubus (D:7)
  An adder zombie (D:4)
  4 worms
  6 dart slugs
  16 orcs
  8 bats
  10 endoplasms
  2 giant cockroaches
  7 goblins
  7 hobgoblins
  4 jackals
  40 kobolds
  4 quokkas
  3 ball pythons
  2 frilled lizards
  2 rats
191 creatures vanquished.

Vanquished Creatures (collateral kills)
  A yak (D:7)
  Grum (D:8)
  A water moccasin (D:8)
  2 wights (D:8)
  3 howler monkeys (D:8)
  A jackal (D:3)
  3 kobolds
12 creatures vanquished.

Vanquished Creatures (others)
  6 kobold zombies (D:6)
  7 orc zombies
  3 fungi (D:6)
16 creatures vanquished.

Grand Total: 219 creatures vanquished

Notes
Turn   | Place    | Note
-------+----------+-------------------------------------------
     0 | D:1      | BlueGoblin the Demonspawn Necromancer began the quest for
                  | the Orb.
     0 | D:1      | Reached XP level 1. HP: 13/13 MP: 3/3
   174 | D:1      | Gained mutation: You regenerate magic rapidly. [demonic
                  | ancestry]
   174 | D:1      | Reached XP level 2. HP: 17/19 MP: 0/5
   232 | D:1      | Reached skill level 5 in Necromancy
   287 | D:1      | Found a faded altar of an unknown god.
   710 | D:1      | Reached XP level 3. HP: 19/24 MP: 1/6
  1192 | D:2      | Learned a level 3 spell: Vampiric Draining
  2426 | D:3      | Reached skill level 6 in Necromancy
  2426 | D:3      | Gained mutation: You have a pair of small antennae on your
                  | head. [demonic ancestry]
  2426 | D:3      | Reached XP level 4. HP: 18/30 MP: 2/7
  2823 | D:4      | Noticed a phantom
  2898 | D:4      | Noticed a necrophage
  2907 | D:4      | Killed a necrophage
  2944 | D:4      | Reached XP level 5. HP: 24/36 MP: 4/8
  3089 | D:4      | Killed a phantom
  3090 | D:4      | Reached skill level 7 in Necromancy
  3161 | D:4      | Gained mutation: You are partially covered in molten
                  | scales. (AC +2) [demonic ancestry]
  3161 | D:4      | Reached XP level 6. HP: 32/42 MP: 2/9
  3260 | D:4      | Found a runed translucent gate.
  3260 | D:4      | Found a runed translucent gate.
  3260 | D:4      | Found a runed translucent gate.
  3260 | D:4      | Noticed Yosebu's ghost (novice GrFi)
  3262 | D:4      | Found a basalt altar of Yredelemnul.
  3272 | D:4      | Reached skill level 1 in Fighting
  3608 | D:5      | Entered Level 5 of the Dungeon
  3737 | D:5      | Reached skill level 8 in Necromancy
  4081 | D:5      | Noticed Eustachio
  4098 | D:5      | Killed Eustachio
  4099 | D:5      | Gained mutation: You have a pair of antennae on your head.
                  | [demonic ancestry]
  4099 | D:5      | Reached XP level 7. HP: 13/48 MP: 1/10
  4469 | D:5      | Reached skill level 9 in Necromancy
  4814 | D:5      | Found a runed translucent door.
  4817 | D:5      | Noticed a vampire mosquito
  4821 | D:5      | Found a runed translucent door.
  4975 | D:5      | Noticed Edmund
  4990 | D:5      | Killed Edmund
  4991 | D:5      | Reached skill level 10 in Necromancy
  5161 | D:5      | Found a staircase to the Ecumenical Temple.
  5449 | Temple   | Entered the Ecumenical Temple
  5758 | Temple   | Became a worshipper of Dithmenos the Shadowed
  5887 | D:6      | Noticed a steam dragon
  5900 | D:6      | Killed a steam dragon
  5901 | D:6      | Gained mutation: You are partially covered in sharp spines.
                  | [demonic ancestry]
  5901 | D:6      | Reached XP level 8. HP: 56/56 MP: 11/11
  6099 | D:6      | Found a runed translucent door.
  6100 | D:6      | Noticed Crazy Yiuf
  6181 | D:6      | Found a glowing drain.
  6185 | Sewer    | Entered a sewer
  6204 | Sewer    | Learned a level 4 spell: Animate Dead
  6549 | D:6      | Reached skill level 11 in Necromancy
  6621 | D:6      | Reached * piety under Dithmenos
  6848 | D:6      | Learned a level 3 spell: Swiftness
  7400 | D:6      | Killed Crazy Yiuf
  7547 | D:7      | Reached skill level 5 in Dodging
  7787 | D:7      | Gained mutation: You have a pair of large antennae on your
                  | head. (SInv) [demonic ancestry]
  7787 | D:7      | Reached XP level 9. HP: 51/65 MP: 12/12
  7797 | D:7      | Reached ** piety under Dithmenos
  7956 | D:7      | Reached skill level 5 in Fighting
  8705 | D:8      | Noticed a two-headed ogre
  8718 | D:8      | Killed a two-headed ogre
  8974 | D:8      | Noticed Grum
  8979 | D:8      | Reached XP level 10. HP: 72/76 MP: 13/13
  8993 | D:8      | Killed Grum
  9252 | D:8      | Noticed Erica
  9260 | D:8      | Reached *** piety under Dithmenos
  9267 | D:8      | Killed from afar by Erica

Illustrated notes

Levels and vault maps discovered:
D:1:      noname_arrival_rooms_in_the_neighbourhood, layout_basic,
          chequers_ecumenical_altar_grove
D:2:      layout_rooms, serial_rivers, chequers_serial_rivers_room_a,
          chequers_serial_rivers_micro_e, chequers_serial_rivers_room_a,
          chequers_serial_rivers_micro_a, chequers_serial_rivers_large_a,
          chequers_serial_rivers_room_a
D:3:      layout_loops_ring
D:4:      layout_cave_pools, nicolae_yredelemnul_ghost_church
D:5:      lemuel_insect_pit, layout_loops_corners,
          minmay_temple_entry_metal_lava, uniq_eustachio, uniq_edmund
D:6:      minmay_goblin_kobold_castle, layout_rooms, gup_sewer_entry_bowl,
          uniq_crazy_yiuf_cottage
D:7:      layout_loops_ring, minivault_27
D:8:      layout_rooms, kennysheep_flooded_box, uniq_grum, uniq_erica
Temple:   mainiacjoe_temple_big_plus

Skill      XL: |  1  2  3  4  5  6  7  8  9 10 |
---------------+-------------------------------+-----
Necromancy     | 5 6 7 8 10 11 | 11.3
Dodging        | 2 3 5 8 9 |  9.1
Fighting       | 1 3 6 |  6.8
Stealth        | |  1.7
Spellcasting   | |  2.0

Action                   |  1- 3 |  4- 6 |  7- 9 | 10-12 || total
-------------------------+-------+-------+-------+-------++-------
Melee: Dagger            |    17 |    33 |   262 |    31 ||   343
       Punch             |       |       |     1 |       ||     1
 Cast: Necrotise         |    72 |    34 |     3 |       ||   109
       Vampiric Draining |       |     9 |    18 |     2 ||    29
       Animate Dead      |       |       |     4 |     1 ||     5
Evoke: Wand              |       |     3 |     8 |       ||    11
  Use: Scroll            |     8 |     3 |     3 |       ||    14
       Potion            |       |       |     2 |     2 ||     4
 Stab: Distracted        |     1 |       |       |       ||     1
       Paralysed         |       |     4 |     5 |       ||     9
       Sleeping          |       |     1 |     2 |       ||     3
Armor: Robe              |     5 |    10 |    12 |       ||    27
       Leather armour    |       |       |    29 |     9 ||    38
Dodge: Dodged            |    20 |    28 |   210 |    61 ||   319

Table legend: (Time is in decaauts)
 A = Elapsed time spent in this place.
 B = Non-inter-level travel time spent in this place.
 C = Inter-level travel time spent in this place.
 D = Time resting spent in this place.
 E = Time spent auto-exploring this place.
 F = Levels seen in this place.
 G = Mean time per level.
                   A        B        C        D        E       F      G
               +--------+--------+--------+--------+--------+-----+--------+
         Total |   9288 |   8576 |    712 |    667 |   6678 |  10 |  928.8 |
       Dungeon |   8824 |   8173 |    651 |    667 |   6320 |   8 | 1103.0 |
        Temple |    331 |    270 |     61 |      0 |    262 |   1 |  331.0 |
         Sewer |    131 |    131 |      0 |      0 |     96 |   1 |  131.0 |
               +--------+--------+--------+--------+--------+-----+--------+

Top non-repeatable levels by time:
     D:5: 1882 daAuts
     D:6: 1446 daAuts
     D:7: 1148 daAuts
     D:1: 1097 daAuts
     D:3: 1012 daAuts
     D:2: 790 daAuts
     D:4: 778 daAuts
     D:8: 667 daAuts
  Temple: 331 daAuts
   Sewer: 131 daAuts
